 Dungeon Crawl Stone Soup version 0.31-a0-4-gefa6de2278 (webtiles) character file.

Game seed: 8765769697716593502

9363 GloriousHammer the Grappler (level 11, -3/102 HPs)
             Began as a Red Draconian Transmuter on May 3, 2023.
             Slain by a two-headed ogre
             ... wielding a +0 giant spiked club
              (17 damage)
             ... on level 9 of the Dungeon.
             The game lasted 00:46:15 (14785 turns).

GloriousHammer the Grappler (DrTm)                 Turns: 14785, Time: 00:46:15

Health: -3/102     AC:  8    Str: 14    XL:     11   Next: 22%
Magic:  11/18      EV: 10    Int: 17    God:
Gold:   1060       SH:  0    Dex: 11    Spells: 8/20 levels left

rFire   x .          .
                       - Unarmed
rCold   + + +        (shield currently unavailable)
rNeg    . . .        (body armour unavailable)
rPois   +            (helmet currently unavailable)
rElec   .            H - melded +0 cloak
rCorr   .            g - melded +0 pair of gloves
SInv    .            l - melded +0 pair of boots
Will    .....        (no amulet)
Stlth   ++           (no ring)
HPRegen 0.37/turn    (no ring)
MPRegen 0.16/turn

%: no passive effects
@: ice-form, wereblooded, very slightly contaminated
A: freezing attack, amphibious, boosted hp, (breathe fire), AC +7, large,
unfitting armour, (fire resistance 1), (cold-blooded)
a: End Transformation


You were on level 9 of the Dungeon.
You were a creature of crystalline ice.
You visited 2 branches of the dungeon, and saw 10 of its levels.
You also visited: Ossuary and Bailey.

You collected 1265 gold pieces.
You spent 205 gold pieces at shops.

Inventory:

Missiles
 s - 6 datura-tipped darts
 w - 7 atropa-tipped darts
 x - 26 poisoned darts (quivered)
 D - 2 curare-tipped darts
 E - a throwing net
 M - 22 boomerangs
Armour
 g - a +0 pair of gloves (melded)
 l - a +0 pair of boots (melded)
 H - a +0 cloak (melded)
Magical Staves
 J - a staff of earth
Jewellery
 C - a ring of ice
 K - an amulet of guardian spirit
Wands
 c - a wand of paralysis (5)
 L - a wand of roots (7)
Scrolls
 b - a scroll of enchant armour
 d - 2 scrolls of poison
 f - 3 scrolls of noise
 h - 3 scrolls of vulnerability
 i - 2 scrolls of teleportation
 m - a scroll of silence
 o - a scroll of fear
 u - 2 scrolls of magic mapping
 v - a scroll of amnesia
 y - a scroll of brand weapon
Potions
 a - 2 potions of ambrosia {unknown}
 e - 2 potions of mutation
 j - 4 potions of attraction
 k - 5 potions of heal wounds
 n - 2 potions of magic {unknown}
 p - a potion of berserk rage {unknown}
 q - 3 potions of invisibility {unknown}
 r - a potion of cancellation {unknown}
 z - 2 potions of might
 A - 5 potions of flight
 B - 4 potions of curing
 F - a potion of resistance {unknown}
 G - a potion of lignification
Miscellaneous
 t - a piece from Xom's chessboard (15/15)


   Skills:
 + Level 4.6 Fighting
 + Level 4.1 Dodging
 + Level 3.8 Stealth
 * Level 11.6 Unarmed Combat
 - Level 5.1 Spellcasting
 + Level 9.0 Transmutations
 - Level 4.0 Ice Magic
 - Level 2.1 Poison Magic


You had 8 spell levels left.
You knew the following spells:

 Your Spells              Type           Power      Damage    Failure   Level
a - Beastly Appendage     Tmut           70%        N/A       1%          1
b - Wereblood             Tmut           35%        N/A       1%          2
c - Spider Form           Tmut/Pois      23%        N/A       4%          3
d - Ice Form              Ice/Tmut       26%        N/A       10%         4
e - Passwall              Tmut/Erth      15%        N/A       3%          2

Your spell library contained the following spells:

 Spells                   Type           Power      Damage    Failure   Level
 Magic Dart               Conj           16%        1d3       14%         1
 Sandblast                Erth           8%         2d5       14%         1
 Slow                     Hex            16%        N/A       14%         1
 Searing Ray              Conj           8%         2d4       22%         2
 Confusing Touch          Hex            4%         N/A       38%         3
 Dazzling Flash           Conj/Hex       8%         N/A       38%         3
 Stone Arrow              Conj/Erth      8%         3d7       38%         3
 Vampiric Draining        Necr           4%         2d6       38%         3
 Fulminant Prism          Conj/Hex       2%         3d5       80%         4
 Agony                    Necr           4%         N/A       98%         5
 Silence                  Hex/Air        2%         N/A       98%         5
 Chain Lightning          Conj/Air       2%         3d2       100%        9


Dungeon Overview and Level Annotations

Branches:
Dungeon (9/15)             Temple (1/1) D:6             Orc (0/2) D:9
Ossuary (visited)          Bailey (visited)
   Lair: D:8-11

Altars:
Ashenzari
Cheibriados
Dithmenos
Elyvilon
Fedhas
Kikubaaqudgha
Nemelex Xobeh
Okawaru
Qazlal
Ru
Sif Muna
Trog
Uskayaw
Vehumet
Wu Jian
Xom
Yredelemnul
Zin
The Shining One

Shops:
D:2 [   D:5 !   D:6 *   D:7 (   D:9 [

Annotations:
D:1 exclusion: downstairs


Innate Abilities, Weirdness & Mutations

You are a creature of crystalline ice.
You have a powerful freezing melee attack.
You are amphibious.
Your maximum health is increased.
Your armour is entirely melded.
You are incapable of wielding weapons or throwing items.
((You can breathe blasts of fire.))
((Your fiery red scales are hard. (AC +7)))
You cannot fit into any form of body armour.
((Your flesh is heat resistant. (rF+)))
((You are cold-blooded and may be slowed by cold attacks.))


Message History

The orc warrior shouts!
You hear a shout!
There are monsters nearby!
You hear a bellow!
The black mamba barely misses you. The black mamba misses you.
The black mamba bites you.
Casting: Spider Form (mildly dangerous; 4% risk of failure)
Confirm with . or Enter, or press ? or * to list all spells.
You miscast Ice Form.
You are very lightly contaminated with residual magic.
Your body is flooded with distortional energies.
The black mamba barely misses you.
Casting: Ice Form (dangerous; 10% risk of failure)
Confirm with . or Enter, or press ? or * to list all spells.
Your blood is infused with primal strength.
The black mamba completely misses you. The orc warrior closely misses you.
The black mamba closely misses you.
Casting: Wereblood (safe; 1% risk of failure)
Confirm with . or Enter, or press ? or * to list all spells.
You don't know that spell.
Casting: Wereblood (safe; 1% risk of failure)
Confirm with . or Enter, or press ? or * to list all spells.
You turn into a creature of crystalline ice.
Your +0 cloak melds into your body.
Your +0 pair of gloves melds into your body.
Your +0 pair of boots melds into your body.
The black mamba changes into a cane toad!
The orc warrior hits you from afar with a +0 halberd!
You hit the cane toad. You freeze the cane toad.
The cane toad is lightly wounded.
The orc warrior hits you from afar with a +0 halberd!
The cane toad stings you.
You hit the cane toad but do no damage.
The cane toad is lightly wounded.
The orc warrior completely misses you. The cane toad stings you!!
Unknown command.
You barely miss the cane toad.
The cane toad is lightly wounded.
The orc warrior hits you from afar with a +0 halberd!
The cane toad stings you!
* * * LOW HITPOINT WARNING * * *
As you read the scroll of teleportation, it crumbles to dust.
You feel strangely unstable. The cane toad stings you!
* * * LOW HITPOINT WARNING * * *
The orc warrior hits you but does no damage.
As you read the scroll of fear, it crumbles to dust.
You assume a fearsome visage.
The cane toad looks frightened!
The orc warrior looks frightened! x2
Your surroundings suddenly seem different.
An orc comes into view. It is wielding a +0 war axe.
An orc wizard comes into view. It is wielding a +0 dagger.
The helpless orc fails to defend itself.
You punch the orc! You freeze the orc.
You feel a bit better.
You kill the orc!
The orc wizard shouts!
You hear a bellow!
You hear a shout! x5
You hear an angry hiss.
You hear a shout! x5; You hear an angry buzzing noise.
You hear a shout!
You hit the orc wizard but do no damage.
You pummel the orc wizard!! You freeze the orc wizard.
You feel a bit better.
You kill the orc wizard!
You hear a howl!
A howler monkey comes into view.
As you read the scroll of teleportation, it crumbles to dust.
You feel strangely unstable.
You howl as the wereblood boils in your veins!
You hear a shout! x2
You punch the howler monkey! You freeze the howler monkey.
The howler monkey is almost dead.
You hear a shout!
The howler monkey hoots and howls with incredible vigour!
You hear a shout!
You hear a howl!
You hear an angry hiss. x2
You hear a shout!
Unknown command.
You barely miss the howler monkey.
The howler monkey is almost dead.
The howler monkey barely misses you.
You hit the howler monkey. You freeze the howler monkey.
You feel a bit better.
You kill the howler monkey!
You howl as the wereblood boils in your veins!
A cyclops comes into view.
Your surroundings suddenly seem different.
An orc wizard and a two-headed ogre come into view.
Found a glowing golden altar of the Shining One.
The orc wizard gestures at you while chanting.
The puff of flame misses you.
You pummel the orc wizard!! You freeze the orc wizard!
You feel a bit better.
You kill the orc wizard!
You howl as the wereblood boils in your veins!
Aiming: Fastroot
Press: ? - help, Shift-Dir - straight line, f - two-headed ogre
Aim: a two-headed ogre, wielding a +0 giant spiked club and a +0 giant club The roots erupt in riotous growth!
Roots grab the two-headed ogre.
The grasping roots constrict the two-headed ogre.
The two-headed ogre struggles to escape constriction.
The grasping roots constrict the two-headed ogre.
The roots release their grip on the two-headed ogre.
The two-headed ogre closely misses you. x2
The two-headed ogre attacks as you move away!
The two-headed ogre hits you with a +0 giant spiked club!
You die...

..###...#.# ##..#######..######.
#.# ##.##.# ##.....))).##......
#)# #.##.#################.#####
#.## #..............# #.# ...#
#..###########.# #.# #..#
#.##...#...###.# #.# #..#
###.........##.# #.# #>.#
_.......O....# #)#
#..#####........Y##.# #)#
.......##...#)..##..#######)#####
##.....## #######...........<...
#.##.## #.##.##.....##########
#.# .# #....##.####### #.# #
##.....#.###.... ##.#
#......))....# ##.#
#......).###.# ##.# #........#


You could see a two-headed ogre.

Vanquished Creatures
  Erica (D:8)
  2 orc knights (Bailey)
  Psyche (D:8)
  A troll (D:9)
  A hornet (D:9)
  Prince Ribbit (D:6)
  15 yaks
  3 steam dragons
  Duvessa (D:5)
  3 water moccasins
  3 orc warriors
  2 sky beasts (D:7)
  2 ice beasts
  4 centaurs
  A phantom (D:6)
  3 elf zombies (Ossuary)
  2 kobold brigands
  3 bullfrogs
  2 scorpions
  A gnoll sergeant (D:9)
  5 wights (D:5)
  Dowan (D:5)
  6 killer bees (D:7)
  A howler monkey (D:9)
  5 centaur zombies (Ossuary)
  4 human zombies (Ossuary)
  3 hounds
  2 jellies
  5 orc priests
  A gnoll bouda (D:7)
  Terence (D:2)
  2 sleepcaps
  Jessica (D:2)
  3 iguanas
  15 orc wizards
  3 mummies (Ossuary)
  Robin (D:2)
  6 adders
  17 gnolls
  A shadow imp (D:8)
  An ufetubus (D:5)
  4 worms
  3 dart slugs (D:2)
  38 orcs
  7 ball pythons
  5 endoplasms
  2 giant cockroaches
  A gnoll zombie (D:6)
  22 goblins
  8 hobgoblins
  3 jackals (D:3)
  A quokka (D:1)
  3 training dummies (D:7)
  4 bats
  A frilled lizard (D:3)
  28 kobolds
  5 rats
271 creatures vanquished.

Notes
Turn   | Place    | Note
-------+----------+-------------------------------------------
     0 | D:1      | GloriousHammer the Draconian Transmuter began the quest for
                  | the Orb.
     0 | D:1      | Reached XP level 1. HP: 16/16 MP: 3/3
   406 | D:1      | Reached XP level 2. HP: 21/23 MP: 3/5
   687 | D:2      | Identified the +0 helmet of Philately {Drain Slay+3 Stlth+}
   687 | D:2      | Noticed Robin
   689 | D:2      | Identified the +0 ring mail of Anat Caty {Str+5 Dex+5}
   692 | D:2      | Noticed Jessica
  1102 | D:2      | Reached XP level 3. HP: 14/28 MP: 6/6
  1242 | D:2      | Learned a level 2 spell: Wereblood
  1246 | D:2      | Learned a level 3 spell: Spider Form
  1338 | D:2      | Found Nairrual's Antique Armour Shoppe.
  1395 | D:2      | Noticed Terence
  1443 | D:2      | Killed Terence
  1444 | D:2      | Reached XP level 4. HP: 30/35 MP: 0/7
  1694 | D:2      | Reached skill level 1 in Poison Magic
  1969 | D:3      | Found a bloodstained altar of Trog.
  2194 | D:3      | Noticed an eye of devastation
  2195 | D:3      | Found a faded altar of an unknown god.
  2198 | D:3      | Noticed a floating eye
  2198 | D:3      | Noticed a shining eye
  2198 | D:3      | Noticed an eye of devastation
  2312 | D:3      | Found a blossoming altar of Fedhas.
  2333 | D:3      | Reached XP level 5. HP: 14/40 MP: 4/8
  2534 | D:2      | Found a snail-covered altar of Cheibriados.
  2901 | D:2      | Killed Robin
  2910 | D:2      | Killed Jessica
  3224 | D:4      | Reached skill level 4 in Unarmed Combat
  3364 | D:4      | Reached XP level 6. HP: 42/47 MP: 6/10
  3415 | D:4      | You fall into a shaft and drop 3 floors!
  3437 | D:6      | Noticed a water moccasin
  3451 | D:6      | Killed a water moccasin
  3494 | D:6      | Found a sand-covered staircase.
  3548 | Ossuary  | Entered an ossuary
  3582 | Ossuary  | Reached skill level 5 in Unarmed Combat
  3588 | Ossuary  | Reached skill level 5 in Transmutations
  3609 | Ossuary  | Your scales start taking on a fiery red colour.
  3609 | Ossuary  | Reached XP level 7. HP: 43/52 MP: 10/12
  3609 | Ossuary  | Gained mutation: Your flesh is heat resistant. (rF+) [Red
                  | Draconian growth]
  3926 | Ossuary  | Reached skill level 6 in Unarmed Combat
  3999 | D:6      | Noticed a steam dragon
  4026 | D:6      | Reached XP level 8. HP: 56/59 MP: 14/14
  4459 | D:6      | Noticed Prince Ribbit
  4482 | D:6      | Reached skill level 7 in Unarmed Combat
  4496 | D:6      | Killed Prince Ribbit
  4567 | D:6      | Found a staircase to the Ecumenical Temple.
  4590 | Temple   | Entered the Ecumenical Temple
  4590 | Temple   | Noticed a sixfirhy
  4590 | Temple   | Noticed a red devil
  4590 | Temple   | Noticed a hellwing
  4591 | Temple   | Noticed Xareinor the pandemonium lord
  4633 | Temple   | Noticed Haoceheck the pandemonium lord
  4633 | Temple   | Noticed Haydigopp the pandemonium lord
  4662 | Temple   | Noticed a reaper
  4663 | Temple   | Noticed an orange demon
  4663 | Temple   | Noticed Dicwac the pandemonium lord
  4663 | Temple   | Noticed a reaper
  4689 | Temple   | Noticed a Brimstone Fiend
  4690 | Temple   | Noticed Zeim the pandemonium lord
  4709 | Temple   | Noticed Jitwon the pandemonium lord
  4710 | Temple   | Noticed a sun demon
  4996 | D:5      | Entered Level 5 of the Dungeon
  5072 | D:5      | Reached skill level 5 in Spellcasting
  5140 | D:5      | Reached skill level 8 in Unarmed Combat
  5141 | D:5      | Noticed Dowan
  5152 | D:5      | Killed Dowan
  5193 | D:5      | Learned a level 4 spell: Ice Form
  5196 | D:5      | Learned a level 2 spell: Passwall
  5213 | D:5      | Noticed Duvessa
  5222 | D:5      | Killed Duvessa
  5317 | D:5      | Reached XP level 9. HP: 35/63 MP: 16/16
  5331 | D:5      | Reached skill level 1 in Ice Magic
  6518 | D:4      | Got the Papyrus of Turbulent Cadavers
  6573 | D:5      | Found Raunus's Distillery.
  6581 | D:5      | Bought a potion of heal wounds for 60 gold pieces
  6581 | D:5      | Bought a potion of might for 48 gold pieces
  6581 | D:5      | Bought a potion of degeneration for 12 gold pieces
  6866 | D:5      | Reached skill level 9 in Unarmed Combat
  6958 | D:5      | Found a radiant altar of Vehumet.
  6958 | D:5      | Found an ancient bone altar of Kikubaaqudgha.
  7272 | D:6      | Found Pyunavynadgh's Assorted Antiques.
  7303 | D:6      | Bought 2 scrolls labelled KIPEJ PAEMN for 52 gold pieces
  7927 | D:7      | HP: 4/96 [gnoll/+0 spear[a gnoll bouda] (2)]
  8360 | D:7      | Reached skill level 10 in Unarmed Combat
  8590 | D:7      | Found Taluag's Firing Range.
  8594 | D:7      | Bought 2 curare-tipped darts for 33 gold pieces
  8940 | D:7      | Found a broken altar of Ashenzari.
  8940 | D:7      | Found a basalt altar of Yredelemnul.
  8948 | D:7      | Found a faded altar of an unknown god.
  8963 | D:7      | Found a hide-covered altar of Uskayaw.
  8965 | D:7      | Found a faded altar of an unknown god.
  9260 | D:8      | Noticed Psyche
  9307 | D:8      | Killed Psyche
  9308 | D:8      | Reached XP level 10. HP: 62/73 MP: 13/17
  9390 | D:8      | Reached skill level 1 in Stealth
  9506 | D:8      | Found a flagged portal.
  9602 | Bailey   | Entered a bailey
  9802 | Bailey   | Noticed an orc knight
 10576 | Bailey   | Noticed an orc knight
 10590 | Bailey   | Killed an orc knight
 11434 | Bailey   | HP: 1/90 [orc knight/+0 war axe (18)]
 12187 | Bailey   | Killed an orc knight
 12604 | D:8      | Reached skill level 11 in Unarmed Combat
 12788 | D:8      | Noticed Erica
 13067 | D:8      | Found a glowing silver altar of Zin.
 13074 | D:8      | Found a stormy altar of Qazlal.
 13320 | D:8      | Killed Erica
 13377 | D:9      | Reached XP level 11. HP: 84/84 MP: 14/18
 13610 | D:9      | Found Onegaup's Antique Armour Shoppe.
 14491 | D:9      | Found a staircase to the Orcish Mines.
 14766 | D:9      | HP: 3/102 [cane toad (shapeshifter) (15)]
 14780 | D:9      | Found a glowing golden altar of the Shining One.
 14780 | D:9      | Noticed a two-headed ogre
 14785 | D:9      | Slain by a two-headed ogre

Illustrated notes

Levels and vault maps discovered:
D:1:      dpeg_arrival_stonehenge_8_columns, layout_loops_ring
D:2:      layout_basic, serial_shops, shop, basic_altar,
          chequers_serial_rivers_micro_a, uniq_terence, uniq_robin, uniq_jessica
D:3:      minmay_general_purpose_star, layout_rooms, lemuel_round_altar,
          mainiacjoe_overflow_catwalk, hellmonk_ecumenical_altar_watching_god,
          st_stairs_12
D:4:      layout_rooms, worldfamousw_hep_ancestral_shrine
D:5:      layout_loops_cross, nicolae_overflow_two_pavilions, serial_shops,
          shop, uniq_duvessa
D:6:      layout_basic, minmay_temple_entry_glassed_door, enter_ossuary_3,
          serial_shops, nicolae_lakefront_shop, uniq_prince_ribbit1
D:7:      layout_gridville, chequers_temple_overflow_minitemple,
          nicolae_shop_firing_range
D:8:      layout_basic, grunt_temple_overflow_open, enter_bailey_4, uniq_psyche,
          uniq_erica
D:9:      minmay_the_grid_octo_triangle [minmay_the_grid_octo_odd_swirl,
          minmay_the_grid_octo_prize_star, minmay_the_grid_octo_focus],
          layout_loops_ring, lightli_temple_of_fire, marbit_many_paths,
          orc_0_dummy, serial_shops, nicolae_shop_tiny_real_fake_doors
Temple:   nicolae_temple_panitentiary

Skill      XL: |  1  2  3  4  5  6  7  8  9 10 11 |
---------------+----------------------------------+-----
Transmutations | 3 4 5 6 8 9 |  9.0
Poison Magic   | 1 2 |  2.1
Unarmed Combat | 4 5 6 8 10 11 | 11.6
Spellcasting   | 3 4 5 |  5.1
Ice Magic      | 3 4 |  4.0
Dodging        | 2 3 4 |  4.1
Stealth        | 3 |  3.8
Fighting       | 4 |  4.6

Action                     |  1- 3 |  4- 6 |  7- 9 | 10-12 || total
---------------------------+-------+-------+-------+-------++-------
  Melee: Unarmed           |    87 |   176 |   330 |   246 ||   839
         Tailslap          |     8 |    16 |    23 |     4 ||    51
         Kick              |    10 |    29 |    45 |     5 ||    89
         Headbutt          |     8 |    18 |    29 |     5 ||    60
         Punch             |       |     6 |     8 |       ||    14
  Throw: Dart              |       |       |    15 |    12 ||    27
         Boomerang         |       |       |       |     7 ||     7
   Cast: Beastly Appendage |    19 |    20 |    17 |    10 ||    66
         Spider Form       |     1 |     6 |    27 |    18 ||    52
         Wereblood         |       |     1 |     8 |    10 ||    19
         Ice Form          |       |       |     1 |    17 ||    18
Ability: Breathe Fire      |       |       |    17 |    16 ||    33
  Evoke: Wand              |       |       |     4 |     5 ||     9
    Use: Potion            |     1 |     1 |     3 |     4 ||     9
         Scroll            |       |     5 |     8 |     6 ||    19
   Stab: Sleeping          |     1 |       |       |     1 ||     2
         Paralysed         |       |       |     2 |     4 ||     6
 Armour: Skin              |    29 |    37 |   153 |    25 ||   244
  Dodge: Dodged            |    44 |   118 |   183 |   179 ||   524

Table legend: (Time is in decaauts)
 A = Elapsed time spent in this place.
 B = Non-inter-level travel time spent in this place.
 C = Inter-level travel time spent in this place.
 D = Time resting spent in this place.
 E = Time spent auto-exploring this place.
 F = Levels seen in this place.
 G = Mean time per level.
                   A        B        C        D        E       F      G
               +--------+--------+--------+--------+--------+-----+--------+
         Total |  14636 |  14349 |    287 |   6029 |   4603 |  12 | 1219.7 |
       Dungeon |  11241 |  10959 |    282 |   3852 |   4415 |   9 | 1249.0 |
        Temple |    176 |    171 |      5 |      0 |    133 |   1 |  176.0 |
       Ossuary |    409 |    409 |      0 |    194 |      0 |   1 |  409.0 |
        Bailey |   2809 |   2809 |      0 |   1983 |     55 |   1 | 2809.0 |
               +--------+--------+--------+--------+--------+-----+--------+

Top non-repeatable levels by time:
  Bailey: 2809 daAuts
     D:2: 1613 daAuts
     D:6: 1609 daAuts
     D:5: 1595 daAuts
     D:7: 1409 daAuts
     D:9: 1397 daAuts
     D:8: 1330 daAuts
     D:1: 842 daAuts
     D:3: 727 daAuts
     D:4: 717 daAuts
 Ossuary: 409 daAuts
  Temple: 176 daAuts
